 Dungeon Crawl Stone Soup version 0.23.2-33-g5129a83184 (webtiles) character file.

Game seed: 8763065798881124779

74 DildoBatman the Conjurer (level 4, 0/30 HPs)
             Began as a Formicid Wizard on July 23, 2019.
             Succumbed to a kobold's poison
             ... on level 3 of the Dungeon.
             The game lasted 00:05:14 (2196 turns).

DildoBatman the Conjurer (Formicid Wizard)          Turns: 2196, Time: 00:05:15

Health: 0/30       AC:  2    Str: 11    XL:     4   Next: 52%
Magic:  2/8        EV: 12    Int: 19    God:
Gold:   135        SH:  0    Dex:  9    Spells: 2/9 levels left

rFire    + . .     SeeInvis +   a - +0 hunting sling
rCold    + . .     Gourm    .   (no shield)
rNeg     . . .     Faith    .   k - +0 robe
rPois    +         Spirit   .   (helmet unavailable)
rElec    +         Reflect  .   s - scarf {cloud immunity}
rCorr    +         Harm     .   (no gloves)
MR       .....                  (no boots)
Stlth    ++........             (no amulet)
HPRegen  0.10/turn              l - ring of resist corrosion
MPRegen  0.11/turn              (no ring)

@: lethally poisoned (0 -> -15), resistant
A: permanent stasis, dig shafts and tunnels, four strong arms, antennae 3
a: Dig, Shaft Self


You were on level 3 of the Dungeon.
You were not hungry.

You visited 1 branch of the dungeon, and saw 3 of its levels.

You collected 135 gold pieces.

Inventory:

Hand Weapons
 a - a +0 hunting sling (weapon)
 b - a +0 dagger
Missiles
 c - 10 arrows
 d - 60 stones (quivered)
 e - 5 needles of sleeping
 m - 40 bolts
Armour
 k - a +0 robe (worn)
 s - a scarf of cloud immunity (worn)
Jewellery
 l - a ring of resist corrosion (left hand)
Scrolls
 f - 2 scrolls of remove curse {unknown}
 g - a scroll of enchant armour {unknown}
 n - a scroll of amnesia {unknown}
 p - a scroll of teleportation {unknown}
 r - a scroll of identify {unknown}
 t - a scroll of fear {unknown}
Potions
 h - a potion of mutation {unknown}
 i - a potion of haste
 q - a potion of degeneration {unknown}
Comestibles
 j - 4 chunks of flesh
 v - 3 rations


   Skills:
 - Level 1.7 Dodging
 - Level 2.4 Stealth
 - Level 3.2 Spellcasting
 * Level 3.6 Conjurations
   Level 1.0 Summonings
   Level 0.8 Translocations


You had 2 spell levels left.
You knew the following spells:

 Your Spells              Type           Power        Failure   Level  Hunger
a - Conjure Flame         Conj/Fire      ##......     22%         3    ###....
c - Magic Dart            Conj           ###.         3%          1    None
e - Mephitic Cloud        Conj/Pois/Air  #.......     26%         3    ###....

Your spell library contained the following spells:

 Spells                   Type           Power        Failure   Level  Hunger
 Call Imp                 Summ           #.......     16%         2    ##.....
 Slow                     Hex            #.......     22%         2    ##.....
 Blink                    Tloc           Unusable     N/A         2    N/A

Dungeon Overview and Level Annotations

Branches:
Dungeon (3/15)

Altars:
Hepliaklqana
Okawaru
Qazlal

Annotations:
D:3 2 runed translucent doors, Ivernyr's ghost, amateur DrWz


Innate Abilities, Weirdness & Mutations

You cannot be hasted, slowed, berserked, paralysed or teleported.
You can dig through walls and to a lower floor.
Your four strong arms can wield two-handed weapons with a shield.
You have a pair of large antennae on your head. (SInv)


Message History

You feel sick.
You feel sick.
The kobold shoots a poisoned needle.
The poisoned needle hits you!
You are more poisoned.
You see here a poisoned needle.
You feel sick.
You feel sick.
You feel sick.
You feel sick.
The adder closely misses the hobgoblin.
The adder barely misses itself.
You feel sick.
You feel sick.
It was a potion of haste.
Your stasis prevents you from being hasted.
You feel sick.
It was a potion of resistance.
You feel protected.
You die...

###...K###..###+#..#
##........##.###....#
#..######..#..##.#..# #########
#.##$. ##.##.##.#..# #.......#
.(# .? g#..#.####..#.#.#####.#
..# (# ).#).#)...#..#.#.# #.#
..# $##/.#K.#.##.#..#.#.# #.#
..# .%)..#..#....#..#.#.# #.#
#.##(...##{##.{#@...#.#.# #.#
#.....###..#..#####.#.#.# #.#
##........(#{######.#.#.# #.#
.###.....g...#..........# #[#
...###....S{##.######รท#######.#
#.........### #..........#
#.##...#### #.# #.##########
..##..# #.# #.# .....# #####.#
#.#


There were no monsters in sight!

Vanquished Creatures
  3 adders
  A worm (D:2)
  A dart slug (D:2)
  3 leopard geckos
  An orc (D:3)
  4 giant cockroaches
  6 goblins
  4 hobgoblins
  3 kobolds
  3 bats
  2 frilled lizards
  5 rats
36 creatures vanquished.

Notes
Turn   | Place    | Note
-------+----------+-------------------------------------------
     0 | D:1      | DildoBatman the Formicid Wizard began the quest for the
                  | Orb.
     0 | D:1      | Reached XP level 1. HP: 13/13 MP: 4/4
   104 | D:1      | Reached skill level 1 in Conjurations
   261 | D:1      | Reached XP level 2. HP: 19/19 MP: 3/6
  1113 | D:2      | Reached XP level 3. HP: 23/24 MP: 2/7
  1118 | D:2      | Learned a level 3 spell: Conjure Flame
  1122 | D:2      | Learned a level 3 spell: Mephitic Cloud
  1423 | D:2      | Found a stormy altar of Qazlal.
  1423 | D:2      | Found an iron altar of Okawaru.
  1650 | D:2      | Reached XP level 4. HP: 28/30 MP: 3/8
  1968 | D:3      | Found a large runed translucent door.
  1968 | D:3      | Found a large runed translucent door.
  1970 | D:3      | Noticed Ivernyr's ghost (amateur DrWz)
  2025 | D:3      | Found a hazy altar of Hepliaklqana.
  2195 | D:3      | HP: 1/30 [poisoned by a kobold]
  2196 | D:3      | Succumbed to a kobold's poison

Skill      XL: |  1  2  3 |
---------------+----------+-----
Conjurations   | 1 2 3 |  3.6
Dodging        | |  1.7
Stealth        | |  2.4
Spellcasting   | |  3.2
Summonings     | |  1.0
Translocations | |  0.8

Action                   |  1- 3 |  4- 6 || total
-------------------------+-------+-------++-------
Melee: Unarmed           |     3 |       ||     3
       Dagger            |     2 |       ||     2
 Fire: Hunting sling     |    17 |     9 ||    26
 Cast: Magic Dart        |    68 |    17 ||    85
       Mephitic Cloud    |     2 |     2 ||     4
 Abil: Dig               |     2 |       ||     2
  Use: Potion            |       |     2 ||     2
  Eat: Chunk             |     3 |     1 ||     4
Armor: Robe              |     7 |     2 ||     9
Dodge: Dodged            |    28 |     4 ||    32
